 Dungeon Crawl Stone Soup version 0.18.1-6-gd335043 (webtiles) character file.

14398 HungrySpirit the Bludgeoner (level 12, -5/132 HPs)
             Began as an Ogre Arcane Marksman on May 15, 2016.
             Was a High Priest of Ru.
             Slain by a minotaur
             ... wielding a +2 rod of clouds (3/9)
              (19 damage)
             ... in a labyrinth.
             The game lasted 00:46:21 (19971 turns).

HungrySpirit the Bludgeoner (Ogre Arcane Marksman) Turns: 19971, Time: 00:46:22

Health: -5/132     AC:  5    Str: 26    XL:     12   Next: 16%
Magic:  13/13      EV:  9    Int: 12    God:    Ru [*****.]
Gold:   297        SH:  0    Dex:  9    Spells: 0 memorised, 13 levels left

rFire  + . .     SeeInvis .     t - +0 giant club
rCold  . . .     Gourm    .     A - steam dragon hide
rNeg   . . .     Faith    .     (shield currently unavailable)
rPois  .         Spirit   .     (helmet restricted)
rElec  .         Dismiss  .     e - +1 cloak
rCorr  .         Reflect  .     (gloves unavailable)
SustAt .         Harm     .     (boots unavailable)
MR     ++...                    (no amulet)
Stlth  ..........               F - ring "Ycloz" {MR+ Stlth+}
                                n - ring of protection from fire

@: mighty, no scrolls, very resistant to hostile enchantments, extremely
unstealthy
A: unfitting armour, slow regeneration 1, tough skin 1, weak 1, inability to
read while threatened, no stealth, hated by all, inability to train dodging
a: Draw Out Power, Power Leap, Apocalypse, Renounce Religion


You were in a labyrinth.
You worshipped Ru.
Ru was extremely pleased with you.
You were not hungry.

You visited 1 branch of the dungeon, and saw 12 of its levels.
You visited 1 bazaar.
You also visited: Labyrinth.

You collected 853 gold pieces.
You spent 556 gold pieces at shops.

Inventory:

Hand Weapons
 l - a -2 giant spiked club
 t - a +0 giant club (weapon)
 v - a +0 blowgun
Missiles
 u - 9 large rocks (quivered)
 w - 39 poisoned needles
Armour
 e - a +1 cloak (worn)
 A - a steam dragon hide (worn)
Jewellery
 n - a ring of protection from fire (left hand)
 F - the ring "Ycloz" (right hand) {MR+ Stlth+}
   (You bought it in a shop in a bazaar)

   [ring of protection from magic]

   It affects your resistance to hostile enchantments.
   It makes you more stealthy.
Wands
 g - a wand of flame (25/48)
 q - a wand of random effects (7/48)
 s - a wand of heal wounds (5/9)
 B - a wand of flame (1/48)
 C - a wand of random effects (22/48)
 E - a wand of slowing (37/48)
Scrolls
 b - a scroll of fear
 c - 2 scrolls of amnesia
 j - a scroll of remove curse
 r - 2 scrolls of recharging
 x - a scroll of teleportation
 y - 3 scrolls of identify
 I - a scroll of immolation
Potions
 d - a potion of curing
 i - 3 potions of flight
 k - 2 potions of ambrosia {unknown}
 m - a potion of cancellation
 p - 3 potions of brilliance
 z - 3 potions of haste {unknown}
Comestibles
 f - 10 bread rations
 h - 7 meat rations
 o - 5 slices of pizza


   Skills:
 + Level 12.2 Fighting
 * Level 19.7 Maces & Flails
 - Level 2.3 Throwing
 - Level 1.2 Spellcasting
   Level 2.1 Hexes


You had 13 spell levels left.
You didn't know any spells.

Dungeon Overview and Level Annotations

Branches:
Dungeon (12/15)            Temple (0/1) D:4            Lair (0/8) D:11
    Orc: D:9-12

Altars:
Ashenzari
Ru
The Shining One

Annotations:
D:8 Yehuk's ghost, novice GrFi


Innate Abilities, Weirdness & Mutations

You are too large for most types of armour.
You regenerate slowly when monsters are visible.
You have tough skin (AC +1).
You are weak. (Str -2)
You cannot read scrolls while threatened.
You cannot be stealthy.
You are hated by all.
You cannot train Dodging skill.


Message History

The minotaur gores you!
You bludgeon the minotaur!!
The minotaur is severely wounded.
The minotaur hits you with a rod of clouds!!
* * * LOW HITPOINT WARNING * * *
The minotaur gores you.
* * * LOW HITPOINT WARNING * * *
Unknown command.
Evoke which item? (* to show all) (? for menu, Esc to quit)
Zapping:
s - a wand of heal wounds (6/9)
Press: ? - help, Shift-Dir - straight line, f - you, p - minotaur You feel much better.
This wand has 5 charges left.
The minotaur hits you with a rod of clouds!!
* * * LOW HITPOINT WARNING * * *
The minotaur closely misses you.
The minotaur hits you with a rod of clouds!!
* * * LOW HITPOINT WARNING * * *
You focus your will and illuminate the minotaur in retribution!
The minotaur gores you!!
You die...

# ##.. ... . .
#...##########
# ## . . . ..#
# #.
.########.# .#
# #.§§§H.#
#.#(####. .#
.# #.#.# #. #.
..#H######.# #
#.@......#
##########


You could see a minotaur.

Vanquished Creatures
  Snorg (D:12)
  The ghost of Cenon the Martial Artist, a journeyman OpTm of Okawaru (Lab)
  An unseen horror (D:12)
  2 hill giants (D:10)
  An ugly thing (D:11)
  2 cyclopes (D:11)
  A deep elf mage (D:9)
  2 gargoyles
  A kobold demonologist (D:11)
  Prince Ribbit (D:9)
  A two-headed ogre (D:12)
  10 yaks
  A wyvern (D:11)
  A shadow (D:12)
  Grum (D:10)
  2 basilisks
  A human (D:7)
  A steam dragon (D:11)
  A hippogriff (D:12)
  A hungry ghost (D:12)
  Menkaure (D:7)
  3 water moccasins
  The ghost of CcS the Conjurer, an amateur KoCj (D:3)
  2 hell hounds (D:11)
  4 orc warriors
  6 ice beasts
  A sky beast (D:7)
  A wasp (D:10)
  A phantom (D:6)
  3 wolves (D:10)
  6 ogres
  3 centaurs
  7 giant frogs
  A big kobold (D:6)
  6 killer bees
  9 wights
  9 crimson imps
  2 giant frog zombies
  8 hounds
  2 jellies
  11 orc wizards
  2 centaur skeletons
  3 orc priests
  Crazy Yiuf (D:7)
  2 iguanas
  4 worker ants
  5 sheep
  A killer bee zombie (D:7)
  A hound zombie (D:8)
  2 hound skeletons
  2 worker ant zombies
  2 howler monkey zombies
  7 gnolls
  A howler monkey skeleton (D:10)
  16 adders
  3 shadow imps
  2 adder zombies
  An adder skeleton (D:5)
  A worm (D:3)
  2 dart slugs
  12 giant geckos
  33 orcs
  7 ball pythons
  9 giant cockroaches
  6 goblins
  8 hobgoblins
  6 jackals (D:3)
  16 kobolds
  5 quokkas
  5 bats
  11 giant newts
  A jackal skeleton (D:7)
  A jackal zombie (D:5)
  2 quokka skeletons
  12 rats
312 creatures vanquished.

Vanquished Creatures (others)
  An unseen horror (D:12)
  A hog (D:6)
  A wasp (D:12)
  A hound (D:11)
  A worker ant (D:5)
5 creatures vanquished.

Grand Total: 317 creatures vanquished

Notes
Turn   | Place    | Note
--------------------------------------------------------------
     0 | D:1      | HungrySpirit the Ogre Arcane Marksman began the quest for the Orb.
     0 | D:1      | Reached XP level 1. HP: 19/19 MP: 2/2
   275 | D:1      | Reached XP level 2. HP: 26/29 MP: 3/3
   587 | D:1      | Reached skill level 1 in Maces & Flails
  1059 | D:1      | Reached XP level 3. HP: 35/36 MP: 4/4
  1075 | D:1      | Reached skill level 2 in Maces & Flails
  1385 | D:2      | Found a faded altar to an unknown god.
  1391 | D:2      | Became a worshipper of Ru the Awakened
  1417 | D:2      | Gained mutation: You are hated by all. [Ru sacrifice]
  1417 | D:2      | Reached * piety under Ru
  1476 | D:2      | Reached skill level 3 in Maces & Flails
  1567 | D:2      | Reached XP level 4. HP: 25/44 MP: 5/5
  1577 | D:2      | Reached skill level 4 in Maces & Flails
  2264 | D:2      | Reached skill level 5 in Maces & Flails
  2264 | D:2      | Reached XP level 5. HP: 17/50 MP: 6/6
  2497 | D:3      | Noticed CcS's ghost (amateur KoCj)
  3600 | D:3      | Reached skill level 6 in Maces & Flails
  4270 | D:3      | Reached XP level 6. HP: 59/59 MP: 7/7
  4816 | D:3      | Killed CcS's ghost
  4816 | D:3      | Reached skill level 7 in Maces & Flails
  4823 | D:3      | Gained mutation: You regenerate slowly when monsters are visible. [Ru sacrifice]
  4823 | D:3      | Reached ** piety under Ru
  5252 | D:4      | Reached skill level 8 in Maces & Flails
  5966 | D:4      | Found a shattered altar of Ashenzari.
  6111 | D:4      | Found a staircase to the Ecumenical Temple.
  6189 | D:5      | Entered Level 5 of the Dungeon
  6228 | D:5      | Reached skill level 9 in Maces & Flails
  6228 | D:5      | Reached XP level 7. HP: 54/66 MP: 8/8
  6734 | D:5      | Got a smoking large shield
  7416 | D:5      | Reached skill level 10 in Maces & Flails
  8270 | D:5      | Found a sacrificial altar of Ru.
  8369 | D:5      | Reached XP level 8. HP: 68/74 MP: 9/9
  8373 | D:5      | Found a glowing golden altar of the Shining One.
  8432 | D:5      | Gained mutation: You cannot read scrolls while threatened. [Ru sacrifice]
  8432 | D:5      | Reached *** piety under Ru
  8591 | D:6      | Reached skill level 11 in Maces & Flails
  8919 | D:6      | Reached skill level 12 in Maces & Flails
  9604 | D:6      | Reached skill level 13 in Maces & Flails
 10133 | D:6      | Reached XP level 9. HP: 69/83 MP: 10/10
 10492 | D:7      | Noticed Menkaure
 10841 | D:7      | Killed Menkaure
 10890 | D:7      | Reached skill level 14 in Maces & Flails
 11271 | D:7      | Reached skill level 5 in Fighting
 11351 | D:7      | Noticed Crazy Yiuf
 11357 | D:7      | Killed Crazy Yiuf
 11773 | D:8      | Gained mutation: You cannot be stealthy. [Ru sacrifice]
 11951 | D:8      | Noticed Yehuk's ghost (novice GrFi)
 12494 | D:8      | Reached skill level 15 in Maces & Flails
 13617 | D:8      | Reached XP level 10. HP: 34/100 MP: 11/11
 14354 | D:7      | Identified the +2 large shield of Absence {Regen+} (You found it on level 5 of the Dungeon)
 14736 | D:8      | Reached skill level 16 in Maces & Flails
 15179 | D:9      | Noticed Prince Ribbit
 15198 | D:9      | Killed Prince Ribbit
 15237 | D:10     | Entered Level 10 of the Dungeon
 15870 | D:9      | Noticed a deep elf mage
 15878 | D:9      | Killed a deep elf mage
 16087 | D:9      | Gained mutation: You cannot train Dodging skill. [Ru sacrifice]
 16087 | D:9      | Reached **** piety under Ru
 16087 | D:9      | Reached ***** piety under Ru
 16398 | D:10     | Noticed a hill giant
 16519 | D:10     | Noticed a hill giant
 16523 | D:10     | Killed a hill giant
 16523 | D:10     | Reached skill level 17 in Maces & Flails
 16583 | D:10     | Killed a hill giant
 16848 | D:10     | Noticed Grum
 16852 | D:10     | Reached XP level 11. HP: 93/115 MP: 12/12
 16867 | D:10     | Killed Grum
 17430 | D:11     | Found a staircase to the Lair.
 17499 | D:11     | Reached skill level 10 in Fighting
 17825 | D:11     | Reached skill level 18 in Maces & Flails
 17990 | D:11     | Noticed a cyclops
 18005 | D:11     | Killed a cyclops
 18491 | D:11     | Gained mutation: You are weak. (Str -2) [Ru sacrifice]
 18722 | D:11     | Noticed a cyclops
 18733 | D:11     | Killed a cyclops
 18764 | D:11     | Noticed a green ugly thing
 18778 | D:11     | Killed a green ugly thing
 19044 | D:12     | Killed an unseen horror
 19118 | D:12     | Reached skill level 19 in Maces & Flails
 19170 | D:12     | Found a flickering gateway to a bazaar.
 19179 | Bazaar   | Entered a bazaar
 19181 | Bazaar   | Found Plog's Book Boutique.
 19185 | Bazaar   | Found Bymi's Food Boutique.
 19185 | Bazaar   | Found Rocuf's Jewellery Boutique.
 19186 | Bazaar   | Found Duqaxeck's General Store.
 19213 | Bazaar   | Bought the ring "Ycloz" {MR+ Stlth+} for 556 gold pieces
 19279 | D:12     | Noticed Snorg
 19286 | D:12     | Killed Snorg
 19320 | D:12     | Reached XP level 12. HP: 122/132 MP: 13/13
 19540 | D:12     | Found a labyrinth entrance.
 19549 | Lab      | Entered a labyrinth
 19625 | Lab      | Noticed Cenon's ghost (journeyman OpTm)
 19633 | Lab      | Killed Cenon's ghost
 19961 | Lab      | Noticed a minotaur
 19971 | Lab      | Identified a +2 rod of clouds (3/9)
 19971 | Lab      | Slain by a minotaur

Skill      XL: |  1  2  3  4  5  6  7  8  9 10 11 12 |
---------------+-------------------------------------+-----
Fighting       | 2 3 6 9 11 12 | 12.2
Maces & Flails | 1 3 5 6 9 10 13 15 17 19 | 19.7
Dodging        | 0 |  0.0
Throwing       | |  2.3
Spellcasting   | |  1.2
Hexes          | |  2.1

Action                   |  1- 3 |  4- 6 |  7- 9 | 10-12 || total
-------------------------+-------+-------+-------+-------++-------
Melee: Hand axe          |    46 |       |       |       ||    46
       Unarmed           |     3 |       |       |       ||     3
       Club              |   102 |    21 |       |       ||   123
       Whip              |       |   343 |   107 |       ||   450
       Giant club        |       |       |   402 |   241 ||   643
       Morningstar       |       |       |       |    84 ||    84
 Fire: Blowgun           |       |     3 |     7 |       ||    10
Throw: Large rock        |     5 |     9 |    10 |    31 ||    55
       Throwing net      |     2 |     5 |     1 |       ||     8
Invok: Sacrifice Love    |     1 |       |       |       ||     1
       Sacrifice Purity  |       |     1 |       |     1 ||     2
       Sacrifice Words   |       |       |     1 |       ||     1
       Sacrifice Stealth |       |       |     1 |       ||     1
       Draw Out Power    |       |       |       |     2 ||     2
       Sacrifice Nimblen |       |       |       |     1 ||     1
       Power Leap        |       |       |       |     3 ||     3
Evoke: Wand              |       |       |       |    10 ||    10
  Use: Potion            |       |     2 |     5 |     3 ||    10
       Scroll            |       |     8 |     6 |     6 ||    20
 Stab: Sleeping          |     1 |       |       |       ||     1
       Held in net/web   |     1 |     2 |       |       ||     3
       Invisible         |       |     4 |     3 |     5 ||    12
       Distracted        |       |       |     1 |       ||     1
       Paralysed         |       |       |       |     2 ||     2
  Eat: Chunk             |     2 |    15 |    17 |    13 ||    47
       Pizza             |       |       |     2 |     4 ||     6
       Beef jerky        |       |       |     2 |     3 ||     5
       Fruit             |       |       |       |     1 ||     1
Armor: Robe              |    80 |    99 |   108 |    44 ||   331
       Steam dragon hide |       |       |       |    22 ||    22
Dodge: Dodged            |    92 |   169 |   213 |   104 ||   578
